SAA
DURHAM RAPIERS @ ATHLETIC CLUB KC ACADEMY
08/30/2029
 
TOP OF THE 1ST
Durham Rapiers batting - Pitching for Athletic Club KC Academy : LHP Ben Skelton
Pitching: LHP Ben Skelton
Batting: SHB Cash Masters 0-0: Foul Ball, location: 2F
0-1: Foul Ball, location: 2F
0-2: Ball
1-2: Strikes out swinging
Batting: RHB Armando Chamú 0-0: Ball
1-0: SINGLE (Groundball, 6MD)
Batting: RHB Tomás Costello 0-0: Called Strike
0-1: Foul Ball, location: 2F
0-2: Foul Ball, location: 2F
0-2: Foul Ball, location: 2F
0-2: Foul Ball, location: 2F
0-2: Ball
1-2: Foul Ball, location: 2F
1-2: Foul Ball, location: 2F
1-2: SINGLE (Line Drive, 9LS)
Armando Chamú to second
Batting: RHB Vincent Klein 0-0: Ball
1-0: Foul Ball, location: 2F
1-1: Called Strike
1-2: Strikes out swinging
Batting: RHB Raúl Moreno 0-0: Called Strike
0-1: Called Strike
0-2: Fly out, F7 (Flyball, 7D)
Top of the 1st over - 0 runs, 2 hits, 0 errors, 2 left on base; Durham 0 - Athletic Club KC Academy 0
BOTTOM OF THE 1ST
Athletic Club KC Academy batting - Pitching for Durham Rapiers : RHP Rusty Maxson
Pitching: RHP Rusty Maxson
Batting: RHB Tae-kyun Chon 0-0: Ground out 5-3 (Groundball, 5)
Batting: RHB Colin Bottone 0-0: Ball
1-0: SINGLE (Line Drive, 6M)
Batting: LHB Ramón Morterero 0-0: Called Strike
0-1: Ball
1-1: Swinging Strike
1-2: Strikes out swinging
Batting: RHB Roger Caffyn 0-0: Ball
1-0: Ball
2-0: Fielders Choice at 2nd, 5-4 (Groundball, 5)
Bottom of the 1st over - 0 runs, 1 hit, 0 errors, 1 left on base; Durham 0 - Athletic Club KC Academy 0
TOP OF THE 2ND
Durham Rapiers batting - Pitching for Athletic Club KC Academy : LHP Ben Skelton
Batting: RHB Yoshi Kouda 0-0: Fly out, F7 (Flyball, 7)
Batting: SHB Wenceslas Holbeche 0-0: SINGLE (Flyball, 8LS)
Batting: SHB Anthony Hopkins 0-0: Ball
1-0: Foul Ball, location: 2F
1-1: SINGLE (Groundball, 34D)
Wenceslas Holbeche to second
Runner from 2nd tries for 3rd, SAFE, no throw
Batting: RHB Júlio Gonzáles 0-0: Called Strike
0-1: Ball
1-1: Swinging Strike
1-2: Foul Ball, location: 2F
1-2: Foul Ball, location: 2F
1-2: Strikes out looking
Batting: SHB Cash Masters 0-0: Foul Ball, location: 2F
0-1: Ball
1-1: Foul Ball, location: 2F
1-2: SINGLE (Groundball, 3D)
Wenceslas Holbeche scores
Anthony Hopkins to second
Runner from 2nd tries for 3rd, SAFE, throw made to third
Batting: RHB Armando Chamú 0-0: Foul Ball, location: 2F
0-1: Fielders Choice at 2nd, 5-4 (Groundball, 5)
Top of the 2nd over - 1 run, 3 hits, 0 errors, 2 left on base; Durham 1 - Athletic Club KC Academy 0
BOTTOM OF THE 2ND
Athletic Club KC Academy batting - Pitching for Durham Rapiers : RHP Rusty Maxson
Batting: LHB Kwang-chih Feng 0-0: Called Strike
0-1: Ball
1-1: Foul Ball, location: 2F
1-2: Ball
2-2: Ball
3-2: Foul Ball, location: 2F
3-2: Ground out 6-3 (Groundball, 6MD)
Batting: RHB Troy Whitehurst 0-0: Swinging Strike
0-1: Ball
1-1: Swinging Strike
1-2: Ball
2-2: Ball
3-2: Base on Balls
Batting: RHB Dewey Nauss 0-0: Ball
1-0: Ball
2-0: Called Strike
2-1: Ball
3-1: Foul Ball, location: 2F
3-2: Base on Balls
Troy Whitehurst to second
Batting: SHB Gerald Merendino 0-0: Grounds into double play, 3-6-1 (Groundball, 3)
Bottom of the 2nd over - 0 runs, 0 hits, 0 errors, 1 left on base; Durham 1 - Athletic Club KC Academy 0
TOP OF THE 3RD
Durham Rapiers batting - Pitching for Athletic Club KC Academy : LHP Ben Skelton
Batting: RHB Tomás Costello 0-0: Ground out 4-3 (Groundball, 4)
Batting: RHB Vincent Klein 0-0: Called Strike
0-1: Ball
1-1: Ball
2-1: SINGLE (Line Drive, 6MD)
Batting: RHB Raúl Moreno 0-0: Ball
1-0: Ball
2-0: Ball
3-0: Called Strike
3-1: Base on Balls
Vincent Klein to second
Batting: RHB Yoshi Kouda 0-0: Ball
1-0: Swinging Strike
1-1: Ball
2-1: Swinging Strike
2-2: Strikes out swinging
Batting: SHB Wenceslas Holbeche 0-0: Ground out 4-3 (Groundball, 4)
Top of the 3rd over - 0 runs, 1 hit, 0 errors, 2 left on base; Durham 1 - Athletic Club KC Academy 0
BOTTOM OF THE 3RD
Athletic Club KC Academy batting - Pitching for Durham Rapiers : RHP Rusty Maxson
Batting: RHB Fernando Rodríguez 0-0: Ball
1-0: Called Strike
1-1: Ball
2-1: Ball
3-1: Foul Ball, location: 2F
3-2: Strikes out swinging
Batting: RHB Tae-kyun Chon 0-0: Ball
1-0: Foul Ball, location: 2F
1-1: Fly out, F9 (Flyball, 9LD)
Batting: RHB Colin Bottone 0-0: Called Strike
0-1: TRIPLE (Line Drive, 89XD)
Batting: LHB Ramón Morterero 0-0: Ball
1-0: Foul Ball, location: 2F
1-1: Foul Ball, location: 2F
1-2: Fly out, F6 (Flyball, 6MD)
Bottom of the 3rd over - 0 runs, 1 hit, 0 errors, 1 left on base; Durham 1 - Athletic Club KC Academy 0
TOP OF THE 4TH
Durham Rapiers batting - Pitching for Athletic Club KC Academy : LHP Ben Skelton
Batting: SHB Anthony Hopkins 0-0: Ball
1-0: Ball
2-0: Called Strike
2-1: Ball
3-1: Foul Ball, location: 2F
3-2: Base on Balls
Batting: RHB Júlio Gonzáles 0-0: Ball
1-0: Ball
2-0: Ball
3-0: Base on Balls
Anthony Hopkins to second
Batting: SHB Cash Masters 0-0: Ball
1-0: Ball
2-0: Ball
3-0: Called Strike
3-1: Base on Balls
Anthony Hopkins to third
Júlio Gonzáles to second
Batting: RHB Armando Chamú 0-0: Called Strike
0-1: Ball
1-1: Ball
2-1: Swinging Strike
2-2: Ball
3-2: Base on Balls
Anthony Hopkins scores
Júlio Gonzáles to third
Cash Masters to second
Batting: RHB Tomás Costello 0-0: Called Strike
0-1: Ball
1-1: Called Strike
1-2: Ball
2-2: Foul Ball, location: 2F
2-2: Foul Ball, location: 2F
2-2: Foul Ball, location: 2F
2-2: Ball
3-2: Foul Ball, location: 2F
3-2: Foul Ball, location: 2F
3-2: Fly out, F8 (Flyball, 8LD)
Runner from 3rd tags up, SCORES, throw made
Pitching: RHP Joe Walton
Batting: RHB Vincent Klein 0-0: Ball
1-0: Ball
2-0: Ball
3-0: Foul Ball, location: 2F
3-1: Base on Balls
Cash Masters to third
Armando Chamú to second
Batting: RHB Raúl Moreno 0-0: Swinging Strike
0-1: SINGLE (Line Drive, 78S)
Cash Masters scores
Armando Chamú to third
Vincent Klein to second
Batting: RHB Yoshi Kouda 0-0: Ball
1-0: Called Strike
1-1: Ball
2-1: Foul Ball, location: 2F
2-2: Strikes out looking
Batting: SHB Wenceslas Holbeche 0-0: Ground out 4-3 (Groundball, 34)
Top of the 4th over - 3 runs, 1 hit, 0 errors, 3 left on base; Durham 4 - Athletic Club KC Academy 0
BOTTOM OF THE 4TH
Athletic Club KC Academy batting - Pitching for Durham Rapiers : RHP Rusty Maxson
Batting: RHB Roger Caffyn 0-0: Called Strike
0-1: Foul Ball, location: 2F
0-2: Ball
1-2: Foul Ball, location: 2F
1-2: Foul Ball, location: 2F
1-2: Foul Ball, location: 2F
1-2: Strikes out swinging
Batting: LHB Kwang-chih Feng 0-0: Foul Ball, location: 2F
0-1: Ball
1-1: Ball
2-1: Fly out, F3 (Line Drive, 3S)
Batting: RHB Troy Whitehurst 0-0: Called Strike
0-1: Swinging Strike
0-2: Ball
1-2: Strikes out swinging
Bottom of the 4th over - 0 runs, 0 hits, 0 errors, 0 left on base; Durham 4 - Athletic Club KC Academy 0
TOP OF THE 5TH
Durham Rapiers batting - Pitching for Athletic Club KC Academy : RHP Joe Walton
Batting: SHB Anthony Hopkins 0-0: Ground out 6-3 (Groundball, 6)
Batting: RHB Júlio Gonzáles 0-0: Called Strike
0-1: Ball
1-1: Foul Ball, location: 2F
1-2: Ground out 1-3 (Groundball, P)
Batting: SHB Cash Masters 0-0: Ball
1-0: Swinging Strike
1-1: Called Strike
1-2: Strikes out swinging
Top of the 5th over - 0 runs, 0 hits, 0 errors, 0 left on base; Durham 4 - Athletic Club KC Academy 0
BOTTOM OF THE 5TH
Athletic Club KC Academy batting - Pitching for Durham Rapiers : RHP Rusty Maxson
Batting: RHB Dewey Nauss 0-0: Ball
1-0: Ball
2-0: Called Strike
2-1: Ball
3-1: Base on Balls
Batting: SHB Gerald Merendino 0-0: Ball
1-0: Ball
2-0: Called Strike
2-1: Called Strike
2-2: Fielders Choice at 2nd, 4-6 (Groundball, 4M)
Batting: RHB Fernando Rodríguez 0-0: Ball
1-0: Called Strike
1-1: SINGLE (Groundball, 6MD)
Gerald Merendino to second
Batting: RHB Tae-kyun Chon 0-0: Called Strike
0-1: Fielders Choice at 2nd, 1-6 (Groundball, P)
Gerald Merendino to third
Batting: RHB Colin Bottone 0-0: Ball
1-0: Ball
2-0: Ground out 1-3 (Groundball, 15)
Bottom of the 5th over - 0 runs, 1 hit, 0 errors, 2 left on base; Durham 4 - Athletic Club KC Academy 0
TOP OF THE 6TH
Durham Rapiers batting - Pitching for Athletic Club KC Academy : RHP Joe Walton
Batting: RHB Armando Chamú 0-0: Ball
1-0: Called Strike
1-1: SINGLE (Groundball, 6S) (infield hit)
Batting: RHB Tomás Costello 0-0: Foul Ball, location: 2F
0-1: Swinging Strike
0-2: Ball
1-2: SINGLE (Groundball, 56) (infield hit)
Armando Chamú to second
Batting: RHB Vincent Klein 0-0: Called Strike
0-1: Called Strike
0-2: Foul Ball, location: 2F
0-2: Ground out 5-3 (Groundball, 56S)
Armando Chamú to third
Tomás Costello to second
Pitching: LHP Andrew Sprowle
Batting: RHB Raúl Moreno 0-0: Called Strike
0-1: Foul Ball, location: 2F
0-2: Ball
1-2: Foul Ball, location: 2F
1-2: SINGLE (Groundball, 34D)
Armando Chamú scores
Tomás Costello to third
Runner from 3rd tries for Home, SAFE, no throw
Batting: RHB Yoshi Kouda 0-0: Foul Ball, location: 2F
0-1: Foul Ball, location: 2F
0-2: Strikes out swinging
Batting: SHB Wenceslas Holbeche 0-0: Foul Ball, location: 2F
0-1: Called Strike
0-2: 2-RUN HOME RUN (Flyball, 89D), Distance : 398 ft
Batting: SHB Anthony Hopkins 0-0: Ground out 5-3 (Groundball, 56)
Top of the 6th over - 4 runs, 4 hits, 0 errors, 0 left on base; Durham 8 - Athletic Club KC Academy 0
BOTTOM OF THE 6TH
Athletic Club KC Academy batting - Pitching for Durham Rapiers : RHP Rusty Maxson
Batting: LHB Ramón Morterero 0-0: Ball
1-0: Ball
2-0: Foul Ball, location: 2F
2-1: Called Strike
2-2: Strikes out looking
Batting: RHB Roger Caffyn 0-0: Called Strike
0-1: Called Strike
0-2: Foul Ball, location: 2F
0-2: Ground out U3 (Groundball, 34)
Batting: LHB Kwang-chih Feng 0-0: DOUBLE (Line Drive, 8LD)
Batting: RHB Troy Whitehurst 0-0: Called Strike
0-1: Swinging Strike
0-2: Ball
1-2: Ground out 5-3 (Groundball, 56S)
Bottom of the 6th over - 0 runs, 1 hit, 0 errors, 1 left on base; Durham 8 - Athletic Club KC Academy 0
TOP OF THE 7TH
Durham Rapiers batting - Pitching for Athletic Club KC Academy : LHP Andrew Sprowle
Batting: RHB Júlio Gonzáles 0-0: Foul Ball, location: 2F
0-1: Foul Ball, location: 2F
0-2: Strikes out swinging
Batting: SHB Cash Masters 0-0: Ball
1-0: Swinging Strike
1-1: Ball
2-1: Called Strike
2-2: DOUBLE (Line Drive, 7LM)
Batting: RHB Armando Chamú 0-0: Called Strike
0-1: Ball
1-1: Foul Ball, location: 2F
1-2: Foul Ball, location: 2F
1-2: Ball
2-2: Ball
3-2: Strikes out swinging
Batting: RHB Tomás Costello 0-0: Ground out 5-3 (Groundball, 56)
Top of the 7th over - 0 runs, 1 hit, 0 errors, 1 left on base; Durham 8 - Athletic Club KC Academy 0
BOTTOM OF THE 7TH
Athletic Club KC Academy batting - Pitching for Durham Rapiers : RHP Rusty Maxson
Batting: RHB Dewey Nauss 0-0: Ground out 6-3 (Groundball, 6)
Batting: SHB Gerald Merendino 0-0: Ball
1-0: Ball
2-0: Foul Ball, location: 2F
2-1: Ball
3-1: SINGLE (Line Drive, 9LM)
Batting: RHB Fernando Rodríguez 0-0: Called Strike
0-1: Called Strike
0-2: Fielders Choice at 2nd, 3-6 (Groundball, 34)
Batting: RHB Tae-kyun Chon 0-0: Ball
1-0: Fielders Choice at 2nd, 5-4 (Groundball, 5)
Bottom of the 7th over - 0 runs, 1 hit, 0 errors, 1 left on base; Durham 8 - Athletic Club KC Academy 0
TOP OF THE 8TH
Durham Rapiers batting - Pitching for Athletic Club KC Academy : LHP Andrew Sprowle
Batting: RHB Vincent Klein 0-0: Called Strike
0-1: SINGLE (Groundball, 6D)
Batting: RHB Raúl Moreno 0-0: Ball
1-0: Ball
2-0: Ball
3-0: Base on Balls
Vincent Klein to second
Batting: RHB Yoshi Kouda 0-0: Fly out, F9 (Flyball, 89M)
Batting: SHB Wenceslas Holbeche 0-0: Grounds into double play, 4-6-3 (Groundball, 4)
Top of the 8th over - 0 runs, 1 hit, 0 errors, 1 left on base; Durham 8 - Athletic Club KC Academy 0
BOTTOM OF THE 8TH
Athletic Club KC Academy batting - Pitching for Durham Rapiers : RHP Rusty Maxson
Now at 1B: Ignacio Hernández
Batting: RHB Colin Bottone 0-0: Called Strike
0-1: Ball
1-1: Swinging Strike
1-2: Ball
2-2: Strikes out swinging
Batting: LHB Ramón Morterero 0-0: Swinging Strike
0-1: Ball
1-1: Ball
2-1: Fly out, F8 (Flyball, 8RS)
Batting: RHB Roger Caffyn 0-0: Ball
1-0: Ball
2-0: Fly out, F9 (Line Drive, 9)
Bottom of the 8th over - 0 runs, 0 hits, 0 errors, 0 left on base; Durham 8 - Athletic Club KC Academy 0
TOP OF THE 9TH
Durham Rapiers batting - Pitching for Athletic Club KC Academy : LHP Andrew Sprowle
Batting: SHB Anthony Hopkins 0-0: Ball
1-0: Ball
2-0: Called Strike
2-1: Foul Ball, location: 2F
2-2: Ground out 4-3 (Groundball, 4S)
Batting: RHB Júlio Gonzáles 0-0: Ball
1-0: Ball
2-0: Ball
3-0: Called Strike
3-1: Base on Balls
Batting: SHB Cash Masters 0-0: Ball
1-0: Called Strike
1-1: Foul Ball, location: 2F
1-2: Ball
2-2: Ball
3-2: SINGLE (Groundball, 3D)
Júlio Gonzáles to second
Runner from 2nd tries for 3rd, SAFE, no throw
Batting: RHB Armando Chamú 0-0: Swinging Strike
0-1: Ball
1-1: Foul Ball, location: 2F
1-2: Strikes out looking
Batting: RHB Tomás Costello 0-0: Fly out, F9 (Flyball, 89M)
Top of the 9th over - 0 runs, 1 hit, 0 errors, 2 left on base; Durham 8 - Athletic Club KC Academy 0
BOTTOM OF THE 9TH
Athletic Club KC Academy batting - Pitching for Durham Rapiers : RHP Rusty Maxson
Batting: LHB Kwang-chih Feng 0-0: Swinging Strike
0-1: Ground out 4-3 (Groundball, 4S)
Batting: RHB Troy Whitehurst 0-0: Ball
1-0: Fly out, F7 (Flyball, 7)
Batting: RHB Dewey Nauss 0-0: Called Strike
0-1: Ball
1-1: Foul Ball, location: 2F
1-2: Foul Ball, location: 2F
1-2: Fly out, F7 (Flyball, 7D)
Bottom of the 9th over - 0 runs, 0 hits, 0 errors, 0 left on base; Durham 8 - Athletic Club KC Academy 0
Tuesday, December 19th, 2017 - OOTP Baseball 18.8 Build 76